IL
TOLEDO MUD HENS @ OMAHA STORM CHASERS
08/30/2047
 
TOP OF THE 1ST
Toledo Mud Hens batting - Pitching for Omaha Storm Chasers : RHP Ken Hall
Pitching: RHP Ken Hall
Batting: LHB Frank McConnell 0-0: Called Strike
0-1: Ball
1-1: Foul Ball, location: 2F
1-2: SINGLE (Groundball, 56, EV 100.0 MPH)
Batting: RHB J.J. Basil 0-0: Ball
1-0: Foul Ball, location: 2F
1-1: Ball
Frank McConnell steals 2nd base
2-1: SINGLE (Groundball, 5S, EV 73.8 MPH) (infield hit)
Frank McConnell to third
Batting: SHB Adam Weber 0-0: Ball
1-0: Ball
2-0: Ball
3-0: Called Strike
3-1: Base on Balls
J.J. Basil to second
Batting: LHB Jon Frederick 0-0: Called Strike
0-1: Foul Ball, location: 2F
0-2: Strikes out looking
Batting: RHB Dan Becvar 0-0: Ball
1-0: Fielders Choice at 2nd, 3-6 (Groundball, 13, EV 82.5 MPH)
Frank McConnell scores
J.J. Basil to third
Batting: RHB Brandon O'Malley 0-0: Called Strike
0-1: Ball
Dan Becvar steals 2nd base (no throw)
1-1: Ball
2-1: Foul Ball, location: 2F
2-2: Ball
3-2: Strikes out swinging
Top of the 1st over - 1 run, 2 hits, 0 errors, 2 left on base; Toledo 1 - Omaha 0
BOTTOM OF THE 1ST
Omaha Storm Chasers batting - Pitching for Toledo Mud Hens : RHP Roberto Benavides
Pitching: RHP Roberto Benavides
Batting: LHB Jim Pankratz 0-0: Ground out 1-3 (Groundball, 25, EV 65.6 MPH)
Batting: LHB Robby Diaz 0-0: Foul Ball, location: 2F
0-1: Ball
1-1: Ball
2-1: Ground out 5-3 (Groundball, 6, EV 78.8 MPH)
Batting: LHB Manny Estrada 0-0: Ball
1-0: Foul Ball, location: 2F
1-1: Ball
2-1: Ball
3-1: Base on Balls
Batting: RHB Walt Cogswell 0-0: Ball
1-0: Foul Ball, location: 2F
1-1: Fly out, F6 (Line Drive, 6D, EV 70.0 MPH)
Bottom of the 1st over - 0 runs, 0 hits, 0 errors, 1 left on base; Toledo 1 - Omaha 0
TOP OF THE 2ND
Toledo Mud Hens batting - Pitching for Omaha Storm Chasers : RHP Ken Hall
Batting: RHB Dave Calder 0-0: Ball
1-0: Foul Ball, location: 2F
1-1: Ball
2-1: Fly out, F9 (Line Drive, 9S, EV 95.6 MPH)
Batting: RHB Aaron Cusick 0-0: Ball
1-0: Swinging Strike
1-1: Ball
2-1: Foul Ball, location: 2F
2-2: Strikes out swinging
Pitching: RHP Tom Jensen
Batting: SHB Scott Bartholomew 0-0: Called Strike
0-1: Called Strike
0-2: Foul Ball, location: 2F
0-2: Ball
1-2: Foul Ball, location: 2F
1-2: Strikes out swinging
Top of the 2nd over - 0 runs, 0 hits, 0 errors, 0 left on base; Toledo 1 - Omaha 0
BOTTOM OF THE 2ND
Omaha Storm Chasers batting - Pitching for Toledo Mud Hens : RHP Roberto Benavides
Batting: RHB Eric Sandell 0-0: Ball
1-0: Called Strike
1-1: SINGLE (Groundball, 34D, EV 108.1 MPH)
Batting: SHB Ryoji Hiraoka 0-0: Ball
1-0: Called Strike
1-1: Called Strike
1-2: Strikes out swinging
Batting: RHB Yuichi Takata 0-0: Called Strike
0-1: Ball
1-1: Ball
2-1: Grounds into double play, 6-4-3 (Groundball, 56, EV 80.6 MPH)
Bottom of the 2nd over - 0 runs, 1 hit, 0 errors, 0 left on base; Toledo 1 - Omaha 0
TOP OF THE 3RD
Toledo Mud Hens batting - Pitching for Omaha Storm Chasers : RHP Tom Jensen
Batting: LHB Frank McConnell 0-0: Ball
1-0: Called Strike
1-1: DOUBLE (Flyball, 8RXD, EV 105.6 MPH)
Batting: RHB J.J. Basil 0-0: Called Strike
0-1: Ball
1-1: Ball
2-1: Foul Ball, location: 2F
2-2: Strikes out swinging, 2-3 out at first.
Batting: SHB Adam Weber 0-0: Called Strike
0-1: Fly out, F9 (Flyball, 9S, EV 93.8 MPH)
Batting: LHB Jon Frederick 0-0: Ball
1-0: Foul Ball, location: 2F
1-1: Swinging Strike
1-2: Strikes out swinging
Top of the 3rd over - 0 runs, 1 hit, 0 errors, 1 left on base; Toledo 1 - Omaha 0
BOTTOM OF THE 3RD
Omaha Storm Chasers batting - Pitching for Toledo Mud Hens : RHP Roberto Benavides
Batting: RHB Aaron Matthews 0-0: Ground out 6-3 (Groundball, 6S, EV 73.8 MPH)
Batting: LHB Chris Eaker 0-0: Ball
1-0: Ball
2-0: Ball
3-0: Base on Balls
Batting: LHB Jim Pankratz 0-0: Swinging Strike
0-1: Swinging Strike
0-2: Strikes out looking
Batting: LHB Robby Diaz 0-0: Ball
1-0: Ball
2-0: Ball
3-0: Swinging Strike
3-1: Called Strike
3-2: Strikes out swinging
Bottom of the 3rd over - 0 runs, 0 hits, 0 errors, 1 left on base; Toledo 1 - Omaha 0
TOP OF THE 4TH
Toledo Mud Hens batting - Pitching for Omaha Storm Chasers : RHP Tom Jensen
Batting: RHB Dan Becvar 0-0: Ball
1-0: Fly out, F3 (Line Drive, 3, EV 73.8 MPH)
Batting: RHB Brandon O'Malley 0-0: Ball
1-0: Swinging Strike
1-1: Ball
2-1: Swinging Strike
2-2: Strikes out swinging
Batting: RHB Dave Calder 0-0: Called Strike
0-1: Ball
1-1: Foul Ball, location: 2F
1-2: Ball
2-2: Ball
3-2: Foul Ball, location: 2F
3-2: Base on Balls
Batting: RHB Aaron Cusick 0-0: Swinging Strike
0-1: Ball
1-1: Called Strike
1-2: Foul Ball, location: 2F
1-2: Ball
2-2: Strikes out swinging
Top of the 4th over - 0 runs, 0 hits, 0 errors, 1 left on base; Toledo 1 - Omaha 0
BOTTOM OF THE 4TH
Omaha Storm Chasers batting - Pitching for Toledo Mud Hens : RHP Roberto Benavides
Batting: LHB Manny Estrada 0-0: Ball
1-0: Called Strike
1-1: Swinging Strike
1-2: Ball
2-2: Ball
3-2: Foul Ball, location: 2F
3-2: Foul Ball, location: 2F
3-2: Base on Balls
Batting: RHB Walt Cogswell 0-0: Called Strike
0-1: Ball
1-1: Called Strike
1-2: Ball
2-2: SINGLE (Groundball, 4MD, EV 105.0 MPH)
Manny Estrada to second
Batting: RHB Eric Sandell 0-0: Ball
1-0: Called Strike
1-1: Ball
2-1: Foul Ball, location: 2F
2-2: Ball
3-2: Base on Balls
Manny Estrada to third
Walt Cogswell to second
Batting: SHB Ryoji Hiraoka 0-0: Fielders Choice at 2nd, 4-6 (Groundball, 4, EV 85.0 MPH)
Manny Estrada scores
Walt Cogswell to third
Batting: RHB Yuichi Takata 0-0: Fly out, F7 (Flyball, 7, EV 86.9 MPH)
Runner from 3rd tags up, SCORES, throw by LF
Batting: RHB Aaron Matthews 0-0: Ball
1-0: Ball
2-0: Called Strike
2-1: Called Strike
2-2: SINGLE (Line Drive, 4D, EV 100.6 MPH)
Ryoji Hiraoka to second
Batting: LHB Chris Eaker 0-0: Ball
1-0: Ball
2-0: Called Strike
2-1: DOUBLE (Line Drive, 78M, EV 93.8 MPH)
Ryoji Hiraoka scores
Aaron Matthews to third
Batting: LHB Jim Pankratz 0-0: Foul Ball, location: 2F
0-1: Ball
1-1: Swinging Strike
1-2: SINGLE (Groundball, 56D, EV 110.6 MPH) (infield hit)
Aaron Matthews scores
Chris Eaker to third
Batting: LHB Robby Diaz 0-0: Ball
1-0: Ball
2-0: SINGLE (Groundball, 25, EV 65.0 MPH) (infield hit)
Chris Eaker scores
Jim Pankratz to second
Batting: LHB Manny Estrada 0-0: Called Strike
0-1: Called Strike
0-2: Strikes out swinging
Bottom of the 4th over - 5 runs, 5 hits, 0 errors, 2 left on base; Toledo 1 - Omaha 5
TOP OF THE 5TH
Toledo Mud Hens batting - Pitching for Omaha Storm Chasers : RHP Tom Jensen
Batting: SHB Scott Bartholomew 0-0: Called Strike
0-1: Swinging Strike
0-2: Ball
1-2: Foul Ball, location: 2F
1-2: Ball
2-2: Foul Ball, location: 2F
2-2: Ball
3-2: Ground out 6-3 (Groundball, 56D, EV 101.9 MPH)
Batting: LHB Frank McConnell 0-0: Ball
1-0: Ball
2-0: Foul Ball, location: 2F
2-1: Ball
3-1: Called Strike
3-2: Ground out U3 (Groundball, 3, EV 104.4 MPH)
Pitching: RHP Sergio Quinones
Batting: RHB J.J. Basil 0-0: Ball
1-0: SOLO HOME RUN (Flyball, 7D, EV 96.9 MPH), Distance : 375 ft
Batting: SHB Adam Weber 0-0: Ball
1-0: Ball
2-0: Ball
3-0: Base on Balls
Batting: LHB Jon Frederick 0-0: Called Strike
0-1: Swinging Strike
0-2: Strikes out swinging
Top of the 5th over - 1 run, 1 hit, 0 errors, 1 left on base; Toledo 2 - Omaha 5
BOTTOM OF THE 5TH
Omaha Storm Chasers batting - Pitching for Toledo Mud Hens : RHP Roberto Benavides
Batting: RHB Walt Cogswell 0-0: Foul Ball, location: 2F
0-1: Ground out 5-3 (Groundball, 56, EV 87.5 MPH)
Batting: RHB Eric Sandell 0-0: Ball
1-0: Called Strike
1-1: Ball
2-1: SOLO HOME RUN (Line Drive, 9LD, EV 91.2 MPH), Distance : 335 ft
Pitching: RHP Kevin Hockenbury
Batting: SHB Ryoji Hiraoka 0-0: Swinging Strike
0-1: Foul Ball, location: 2F
0-2: Strikes out swinging
Batting: RHB Yuichi Takata 0-0: Called Strike
0-1: Called Strike
0-2: Ball
1-2: Foul Ball, location: 2F
1-2: Ball
2-2: Ball
3-2: Base on Balls
Batting: RHB Aaron Matthews 0-0: Ball
Yuichi Takata steals 2nd base (no throw)
1-0: Ground out 6-3 (Groundball, 6, EV 88.1 MPH)
Bottom of the 5th over - 1 run, 1 hit, 0 errors, 1 left on base; Toledo 2 - Omaha 6
TOP OF THE 6TH
Toledo Mud Hens batting - Pitching for Omaha Storm Chasers : RHP Sergio Quinones
Batting: RHB Dan Becvar 0-0: Ball
1-0: Ball
2-0: Reached on error, E4 (Line Drive, 4, EV 63.8 MPH)
Batting: RHB Brandon O'Malley 0-0: Fly out, F3 (Popup, 34S, EV 81.2 MPH)
Batting: RHB Dave Calder 0-0: Ball
1-0: Called Strike
1-1: Swinging Strike
1-2: Ball
2-2: Ball
3-2: Foul Ball, location: 2F
3-2: Foul Ball, location: 2F
3-2: SINGLE (Line Drive, 34D, EV 96.2 MPH)
Dan Becvar to second
Batting: RHB Aaron Cusick 0-0: Ball
1-0: Called Strike
1-1: Foul Ball, location: 2F
1-2: Foul Ball, location: 2F
1-2: Ball
2-2: Ball
3-2: SINGLE (Flyball, 89S, EV 91.2 MPH)
Dan Becvar to third
Dave Calder to second
Runner from 3rd tries for Home, SAFE, throw by RF to home
Batting: SHB Scott Bartholomew 0-0: Called Strike
0-1: Ball
1-1: Called Strike
1-2: SINGLE (Line Drive, 34D, EV 98.8 MPH)
Dave Calder to third
Aaron Cusick to second
Runner from 3rd tries for Home, throw by RF and OUT! 9-2
Aaron Cusick to third
Scott Bartholomew to second
Batting: LHB Frank McConnell 0-0: Ground out 6-3 (Groundball, 4MD, EV 102.5 MPH)
Top of the 6th over - 1 run, 3 hits, 1 error, 2 left on base; Toledo 3 - Omaha 6
BOTTOM OF THE 6TH
Omaha Storm Chasers batting - Pitching for Toledo Mud Hens : RHP Kevin Hockenbury
Batting: LHB Chris Eaker 0-0: Called Strike
0-1: Swinging Strike
0-2: Foul Ball, location: 2F
0-2: Foul Ball, location: 2F
0-2: Ground out U3 (Groundball, 3L, EV 79.4 MPH)
Batting: LHB Jim Pankratz 0-0: Ball
1-0: Foul Ball, location: 2F
1-1: Swinging Strike
1-2: Ground out 3-1 (Groundball, 34S, EV 81.9 MPH)
Batting: LHB Robby Diaz 0-0: Ball
1-0: SINGLE (Flyball, 5D, EV 85.6 MPH)
Batting: LHB Manny Estrada 0-0: Ball
1-0: DOUBLE (Line Drive, 78XD, EV 106.9 MPH)
Robby Diaz to third
Runner from 3rd tries for Home, throw by LF and OUT! 7-6-2
Bottom of the 6th over - 0 runs, 2 hits, 0 errors, 1 left on base; Toledo 3 - Omaha 6
TOP OF THE 7TH
Toledo Mud Hens batting - Pitching for Omaha Storm Chasers : RHP Sergio Quinones
Pitching: RHP Brian Straub
Batting: RHB J.J. Basil 0-0: Called Strike
0-1: Ball
1-1: Called Strike
1-2: Foul Ball, location: 2F
1-2: Strikes out swinging
Batting: SHB Adam Weber 0-0: Ground out 4-3 (Groundball, 4, EV 98.8 MPH)
Batting: LHB Jon Frederick 0-0: Called Strike
0-1: Ground out U3 (Groundball, 3L, EV 92.5 MPH)
Top of the 7th over - 0 runs, 0 hits, 0 errors, 0 left on base; Toledo 3 - Omaha 6
BOTTOM OF THE 7TH
Omaha Storm Chasers batting - Pitching for Toledo Mud Hens : RHP Kevin Hockenbury
Pitching: RHP Jason Williams
Batting: RHB Walt Cogswell 0-0: Ball
1-0: Foul Ball, location: 2F
1-1: SINGLE (Groundball, 34D, EV 109.4 MPH)
Batting: RHB Eric Sandell 0-0: Called Strike
0-1: Foul Ball, location: 2F
0-2: Foul Ball, location: 2F
Balk!
Walt Cogswell to second
0-2: Ball
1-2: DOUBLE (Flyball, 8RXD, EV 104.4 MPH)
Walt Cogswell scores
Batting: SHB Ryoji Hiraoka 0-0: Called Strike
0-1: Ball
1-1: Foul Ball, location: 2F
1-2: Strikes out swinging
Batting: RHB Yuichi Takata 0-0: Ball
1-0: Foul Ball, location: 2F
1-1: Ball
2-1: Foul Ball, location: 2F
2-2: Foul Ball, location: 2F
2-2: Foul Ball, location: 2F
2-2: Ground out 5-3 (Groundball, 5, EV 80.0 MPH)
Batting: RHB Aaron Matthews 0-0: Ball
1-0: Called Strike
1-1: Foul Ball, location: 2F
1-2: Foul Ball, location: 2F
1-2: Foul Ball, location: 2F
1-2: Foul Ball, location: 2F
1-2: Fly out, F8 (Flyball, 8LM, EV 88.8 MPH)
Bottom of the 7th over - 1 run, 2 hits, 0 errors, 1 left on base; Toledo 3 - Omaha 7
TOP OF THE 8TH
Toledo Mud Hens batting - Pitching for Omaha Storm Chasers : RHP Brian Straub
Batting: RHB Dan Becvar 0-0: Swinging Strike
0-1: Ball
1-1: Called Strike
1-2: Strikes out swinging
Pinch Hitting: LHB Conrad Taylor 0-0: Ball
1-0: Ball
2-0: Ground out 6-3 (Groundball, 4MD, EV 101.2 MPH)
Batting: RHB Dave Calder 0-0: Ground out 6-3 (Groundball, 6, EV 83.8 MPH)
Top of the 8th over - 0 runs, 0 hits, 0 errors, 0 left on base; Toledo 3 - Omaha 7
BOTTOM OF THE 8TH
Omaha Storm Chasers batting - Pitching for Toledo Mud Hens : RHP Jason Williams
Pitching: RHP Gordie Pierson
Now at 1B: Conrad Taylor
Batting: LHB Chris Eaker 0-0: Called Strike
0-1: Ball
1-1: Ball
2-1: Foul Ball, location: 2F
2-2: Ball
3-2: Strikes out looking
Batting: LHB Jim Pankratz 0-0: Ball
1-0: Swinging Strike
1-1: Swinging Strike
1-2: Ball
2-2: Strikes out looking
Batting: LHB Robby Diaz 0-0: Called Strike
0-1: Ball
1-1: Ball
2-1: Ball
3-1: Base on Balls
Batting: LHB Manny Estrada 0-0: Foul Ball, location: 2F
0-1: Ball
1-1: Ball
2-1: Called Strike
2-2: Ball
3-2: Base on Balls
Robby Diaz to second
Batting: RHB Walt Cogswell 0-0: Called Strike
0-1: SINGLE (Line Drive, 9LM, EV 99.4 MPH)
Robby Diaz to third
Manny Estrada to second
Batting: RHB Eric Sandell 0-0: Called Strike
0-1: Foul Ball, location: 2F
0-2: Foul Ball, location: 2F
0-2: Foul Ball, location: 2F
0-2: Strikes out looking
Bottom of the 8th over - 0 runs, 1 hit, 0 errors, 3 left on base; Toledo 3 - Omaha 7
TOP OF THE 9TH
Toledo Mud Hens batting - Pitching for Omaha Storm Chasers : RHP Brian Straub
Batting: RHB Aaron Cusick 0-0: Ball
1-0: Called Strike
1-1: Foul Ball, location: 2F
1-2: Ball
2-2: SINGLE (Groundball, 6D, EV 95.0 MPH)
Batting: SHB Scott Bartholomew 0-0: Called Strike
0-1: Ball
1-1: Hit by Pitch
Aaron Cusick to second
Batting: LHB Frank McConnell 0-0: Foul Ball, location: 2F
0-1: Ball
1-1: Called Strike
1-2: Strikes out swinging
Batting: RHB J.J. Basil 0-0: Ball
1-0: Ball
2-0: Called Strike
2-1: Foul Ball, location: 2F
2-2: Grounds into double play, 6-4-3 (Groundball, 6, EV 84.4 MPH)
Top of the 9th over - 0 runs, 1 hit, 0 errors, 1 left on base; Toledo 3 - Omaha 7
Thursday, December 15th , 2022 - OOTP Baseball 23.9 Build 102